 Dungeon Crawl Stone Soup version 0.24.0-1-gfbc8707122 (webtiles) character file.

Game seed: 6118953054711076032, levelgen mode: deterministic

214446 zhorgal the Warrior (level 18, -1/173 HPs)
             Began as a Minotaur Berserker on Oct 27, 2019.
             Was the Champion of Trog.
             Succumbed to a nagaraja's bolt of poison
             ... on level 4 of the Snake Pit on Oct 28, 2019.
             The game lasted 01:52:39 (37581 turns).

zhorgal the Warrior (Minotaur Berserker)           Turns: 37581, Time: 01:52:40

Health: -1/173     AC: 32    Str: 29    XL:     18   Next: 30%
Magic:  2/24       EV: 13    Int:  3    God:    Trog [******]
Gold:   2426       SH: 31    Dex: 11    Spells: 17/17 levels left

rFire    . . .     SeeInvis .   F - +9 broad axe (elec)
rCold    . . .     Gourm    .   X - +10 large shield of Ignorance {rN+ Int-4}
rNeg     + . .     Faith    +   S - +6 plate armour {ponderous}
rPois    .         Spirit   +   K - +1 hat
rElec    .         Reflect  .   u - scarf {Spirit}
rCorr    .         Harm     .   j - +0 pair of gloves (curse)
MR       +....                  f - +0 pair of boots (curse)
Stlth    ..........             R - amulet of faith
HPRegen  0.38/turn              p - +3 ring of intelligence
MPRegen  0.19/turn              I - +4 ring of protection

@: lethally poisoned (-1 -> -99), slow
A: retaliatory headbutt, horns 2
}: 1/15 runes: barnacled
a: Berserk, Trog's Hand, Brothers in Arms, Renounce Religion


You were on level 4 of the Snake Pit.
You worshipped Trog.
Trog was exalted by your worship.
You were hungry.

You visited 5 branches of the dungeon, and saw 31 of its levels.
You visited the Abyss 1 time.
You also visited: Sewer and Bailey.

You collected 3325 gold pieces.
You spent 899 gold pieces at shops.

Inventory:

Hand Weapons
 F - a +9 broad axe of electrocution (weapon)
 M - a +5 fustibalus
Missiles
 d - 6 throwing nets
 e - 28 javelins (quivered)
 q - 29 silver javelins
 v - 7 curare-tipped darts
 J - 346 sling bullets
Armour
 f - a cursed +0 pair of boots (worn)
 j - a cursed +0 pair of gloves (worn)
 u - a scarf of spirit shield (worn)
 K - a +1 hat (worn)
 S - a +6 plate armour of ponderousness (worn)
 V - the +5 chain mail "Xithiomn" {rC+ Int+5 Stlth+}
   (You found it on level 3 of the Snake Pit)

   It affects your intelligence (+5).
   It protects you from cold.
   It makes you more stealthy.
 X - the +10 large shield of Ignorance (worn) {rN+ Int-4}
   (You found it on level 2 of the Lair of Beasts)

   It affects your intelligence (-4).
   It protects you from negative energy.
Jewellery
 p - a +3 ring of intelligence (left hand)
 I - a +4 ring of protection (right hand)
 R - an amulet of faith (around neck)
 U - an uncursed ring of see invisible
Wands
 n - a wand of acid (24)
 s - a wand of digging (5)
 y - a wand of flame (58)
 G - a wand of polymorph (9)
 H - a wand of paralysis (21)
 L - a wand of scattershot (2)
 O - a wand of iceblast (18)
 Q - a wand of clouds (1)
 T - a wand of disintegration (15)
Scrolls
 g - 8 scrolls of magic mapping
 i - 5 scrolls of enchant weapon
 m - 5 scrolls of enchant armour
 o - 9 scrolls of teleportation
 t - 5 scrolls of blinking
 x - 7 scrolls of immolation
 C - 8 scrolls of remove curse
 D - 3 scrolls of fear
 N - 3 scrolls of identify
 Z - a scroll of fog
Potions
 a - a potion of mutation
 h - 5 potions of lignification
 k - 3 potions of resistance
 l - 16 potions of curing
 w - 3 potions of heal wounds
 z - 4 potions of ambrosia
 B - 2 potions of might
 E - 3 potions of agility
 P - a potion of cancellation
 Y - 4 potions of invisibility
Miscellaneous
 b - a phantom mirror
 r - a fan of gales
 W - a lightning rod (4/4)
Comestibles
 c - 40 rations


   Skills:
 + Level 18.5 Fighting
 - Level 18.0 Axes
 + Level 18.2 Armour
 + Level 14.5 Dodging
 + Level 14.9 Shields
 - Level 10.0 Evocations


You had 17 spell levels left.
You didn't know any spells.
Your spell library contained the following spells:

 Spells                   Type           Power        Failure   Level  Hunger
 Animate Skeleton         Necr           N/A          100%        1    ##.....
 Apportation              Tloc           #.....       100%        1    ##.....
 Confusing Touch          Hex            #.....       100%        1    ##.....
 Corona                   Hex            #......      100%        1    ##.....
 Summon Small Mammal      Summ           #...         100%        1    ##.....
 Ensorcelled Hibernation  Hex/Ice        #.....       100%        2    ###....
 Poisonous Vapours        Pois/Air       #.....       100%        2    ###....
 Swiftness                Chrm/Air       #.......     100%        2    ###....
 Confuse                  Hex            #.......     100%        3    ####...
 Dazzling Spray           Conj/Hex       #.....       100%        3    ####...
 Ignite Poison            Fire/Tmut/Pois #.......     100%        3    ####...
 Tukima's Dance           Hex            #.......     100%        3    ####...
 Cause Fear               Hex            #.........   100%        4    #####..
 Fireball                 Conj/Fire      #.........   100%        5    ######.
 Irradiate                Conj/Tmut      #.........   100%        5    ######.
 Silence                  Hex/Air        #.........   100%        5    ######.
 Yara's Violent Unravell  Hex/Tmut       #.........   100%        5    ######.
 Bolt of Fire             Conj/Fire      #.........   100%        6    #######
 Deflect Missiles         Chrm/Air       #.........   100%        6    #######
 Hydra Form               Tmut           #.........   100%        6    #######
 Iron Shot                Conj/Erth      #.........   100%        6    #######
 Statue Form              Tmut/Erth      #........    100%        6    #######
 Dragon Form              Tmut           #.........   100%        7    #######
 Ring of Flames           Chrm/Fire      #.........   100%        7    #######
 Discord                  Hex            #.........   100%        8    #######
 Ignition                 Fire           #.........   100%        8    #######
 Tornado                  Air            #.........   100%        9    #######


Dungeon Overview and Level Annotations

Branches:
Dungeon (15/15)            Temple (0/1) D:4            Lair (6/6) D:10
 Shoals (4/4) Lair:2        Snake (4/4) Lair:2        Slime (0/5) Lair:6
    Orc (2/2) D:12            Elf (0/3) Orc:2        Vaults (0/5) D:13
 Depths (0/5) D:15          Sewer (visited)          Bailey (visited)

Altars:
Ashenzari
Fedhas
Gozag
Okawaru
Ru
Sif Muna
Trog
Vehumet
Xom
Beogh

Shops:
D:6 (   Orc:1 [   Orc:2 *[=(   Shoals:2 ((   Shoals:4 *   Snake:3 %?:

Annotations:
Snake:4 Vashnia


Innate Abilities, Weirdness & Mutations

You reflexively headbutt those who attack you in melee.
You have a pair of horns on your head.


Message History

You are more poisoned.
* * * LOW HITPOINT WARNING * * *
The nagaraja constricts you.
You completely miss the nagaraja. Your headbutt misses the nagaraja.
The nagaraja is almost dead.
* * * LOW HITPOINT WARNING * * *
You feel very sick.
The nagaraja points at you and mumbles some strange words.
The bolt of poison hits you!!
You are more poisoned.
* * * LOW HITPOINT WARNING * * *
* * * LOW HITPOINT WARNING * * *
The nagaraja constricts you.
You slice the nagaraja!!
You kill the nagaraja!
Trog accepts your kill. Something appears at your feet!
Trog grants you a weapon!
Trog appreciates your killing of a magic user.
You die...

#.........#.......#
#.........#.......#
#..##'#'#.#.......'
#.##)...#.###....##
#.#.)...#...#'####.
##.#....+#..........
#..#.)..#...........
#######.)#'[..#...........
........)@#####)..........
........[)([(())..........
..##...############.......
....... #....... ...!...
#....... ....... #.......
.#..... #....... .......
#......) #...... ....#
#.......


There were no monsters in sight!

Vanquished Creatures
  The ghost of Aviak the Warrior, an adept OgAK of Lugonu (Shoals:2)
  Rupert (Lair:5)
  Polyphemus (Shoals:3)
  Roxanne (D:14)
  5 nagarajas
  Louise (Snake:4)
  An ironheart preserver (D:13)
  A stone giant (Orc:2)
  A lorocyproca (Abyss:2)
  A dire elephant (Lair:6)
  4 ettins
  2 merfolk javelineers
  9 merfolk impalers
  4 hydras
  18 naga warriors
  Erica (D:9)
  3 catoblepae
  4 centaur warriors
  12 anacondas
  4 merfolk aquamancers
  8 two-headed ogres
  15 death yaks
  A deep troll shaman (Lair:6)
  2 merfolk avatars
  2 satyrs
  8 naga sharpshooters
  A sun demon (Abyss:2)
  3 skeletal warriors (D:13)
  A salamander mystic (Snake:3)
  Nergalle (D:10)
  2 unseen horrors
  2 fire crabs (Shoals:3)
  7 sea snakes
  A glowing orange brain (D:15)
  A sixfirhy (D:9)
  A flayed ghost (D:14)
  7 naga ritualists
  A glowing orange brain (shapeshifter) (D:15)
  An orc knight (Orc:1)
  A wizard (D:14)
  12 harpies
  4 mana vipers
  A shadow dragon skeleton (Abyss:2)
  2 orc sorcerers
  10 cyclopes
  11 ugly things
  11 manticores
  A deep elf mage (D:15)
  A salamander (shapeshifter) (D:13)
  7 salamanders
  3 elephants (Lair:6)
  11 fauns
  6 water nymphs
  Maurice (D:9)
  Psyche (D:9)
  2 guardian serpents (Snake:2)
  31 black mambas
  16 merfolk sirens
  29 naga magi
  A water nymph (shapeshifter) (D:14)
  11 spiny frogs
  2 kobold demonologists
  A rime drake (Lair:1)
  4 yaktaurs (D:15)
  4 komodo dragons
  2 komodo dragons (shapeshifter) (D:15)
  5 wind drakes
  25 merfolk
  4 trolls
  A polar bear (Lair:6)
  Prince Ribbit (D:6)
  A hornet (D:8)
  5 slime creatures (D:15)
  2 harpy skeletons
  16 blink frogs
  9 hippogriffs
  12 snapping turtles
  A spriggan (D:10)
  A shadow (D:14)
  A large abomination (Abyss:2)
  A wyvern (D:8)
  48 yaks
  8 water elementals
  2 fire bats (Shoals:3)
  Sigmund (D:4)
  3 basilisks
  3 hungry ghosts
  3 steam dragons
  A soldier ant (D:13)
  2 wargs
  41 nagas
  A harpy simulacrum (D:15)
  8 water moccasins
  8 porcupines
  Duvessa (D:5)
  31 orc warriors
  An eye of draining (D:12)
  5 ice beasts
  3 black bears
  3 sky beasts
  A necrophage (D:7)
  3 phantoms
  9 wolves (Lair:6)
  13 ogres
  19 centaurs
  9 crocodiles
  8 big kobolds
  15 bullfrogs
  Dowan (D:5)
  A gnoll sergeant (D:12)
  2 wyvern skeletons (D:13)
  4 scorpions
  9 killer bees
  13 wights
  2 howler monkeys (D:9)
  6 crimson imps
  2 centaur zombies
  2 bullfrog zombies
  2 hounds (D:10)
  A quasit (D:10)
  6 centaur skeletons
  13 orc priests
  6 jellies
  4 bullfrog skeletons
  20 orc wizards
  Terence (D:3)
  Ijyb (D:4)
  8 iguanas
  9 worker ants
  A hound zombie (D:5)
  A hound skeleton (D:10)
  A worker ant zombie (D:3)
  8 gnolls
  19 adders
  A howler monkey skeleton (D:3)
  4 shadow imps
  12 white imps (Lair:2)
  7 oozes
  An adder skeleton (D:3)
  5 adder zombies
  A worm (D:2)
  2 dart slugs
  17 leopard geckos
  84 orcs
  7 bats
  7 giant cockroaches
  8 goblins
  9 hobgoblins
  6 jackals
  22 kobolds
  6 quokkas
  2 ball pythons
  13 frilled lizards
  A jackal skeleton (D:4)
  A leopard gecko zombie (D:3)
  7 rats
  8 fungi
  6 plants
1041 creatures vanquished.

Vanquished Creatures (collateral kills)
  A merfolk avatar (Shoals:4)
  A satyr (Shoals:4)
  A faun (Shoals:4)
3 creatures vanquished.

Vanquished Creatures (others)
  2 orc wizards (Orc:1)
  2 bushes (Lair:5)
  10 fungi
  7 plants
21 creatures vanquished.

Grand Total: 1065 creatures vanquished

Notes
Turn   | Place    | Note
-------+----------+-------------------------------------------
     0 | D:1      | zhorgal the Minotaur Berserker began the quest for the Orb.
     0 | D:1      | Reached XP level 1. HP: 19/19 MP: 0/0
   184 | D:1      | Reached XP level 2. HP: 26/26 MP: 1/1
   489 | D:1      | Reached ** piety under Trog
   489 | D:1      | Reached skill level 5 in Axes
   489 | D:1      | Reached XP level 3. HP: 30/31 MP: 2/2
  1001 | D:2      | Reached XP level 4. HP: 39/39 MP: 3/3
  1291 | D:2      | Reached XP level 5. HP: 42/45 MP: 4/4
  1876 | D:2      | Found a shattered altar of Ashenzari.
  1877 | D:2      | Found an opulent altar of Gozag.
  1994 | D:3      | Found a blossoming altar of Fedhas.
  2167 | D:3      | Noticed Terence
  2175 | D:3      | Killed Terence
  2175 | D:3      | Reached XP level 6. HP: 49/51 MP: 5/5
  2197 | D:3      | Found a bloodstained altar of Trog.
  2206 | D:3      | Found an iron altar of Okawaru.
  2266 | D:3      | Reached *** piety under Trog
  2677 | D:4      | Noticed Sigmund
  2696 | D:4      | Killed Sigmund
  2919 | D:4      | Noticed Ijyb
  2931 | D:4      | Killed Ijyb
  3058 | D:4      | Reached XP level 7. HP: 35/57 MP: 6/6
  3258 | D:4      | Reached skill level 10 in Axes
  3518 | D:4      | Found a staircase to the Ecumenical Temple.
  3867 | D:5      | Entered Level 5 of the Dungeon
  3913 | D:5      | Found a glowing drain.
  3917 | Sewer    | Entered a sewer
  4620 | D:5      | Noticed Dowan
  4620 | D:5      | Noticed Duvessa
  4629 | D:5      | Killed Duvessa
  4630 | D:5      | Killed Dowan
  4880 | D:5      | Reached XP level 8. HP: 55/66 MP: 7/7
  4931 | D:5      | Reached **** piety under Trog
  4960 | D:5      | Reached skill level 1 in Evocations
  5270 | D:5      | Found a radiant altar of Vehumet.
  5949 | D:6      | Reached skill level 5 in Fighting
  6091 | D:6      | Found Goruud's Antique Weapon Boutique.
  6092 | D:6      | Noticed Prince Ribbit
  6125 | D:6      | Killed Prince Ribbit
  6233 | D:6      | Reached XP level 9. HP: 73/75 MP: 10/10
  7958 | D:8      | Reached ***** piety under Trog
  8473 | D:8      | Found a sacrificial altar of Ru.
  8828 | D:8      | Reached skill level 5 in Evocations
  8828 | D:8      | Reached XP level 10. HP: 71/86 MP: 9/12
  8993 | D:9      | Noticed Erica
  9011 | D:9      | Killed Erica
  9719 | D:9      | Found a runed translucent door.
  9720 | D:9      | Noticed a sixfirhy
  9754 | D:9      | Noticed Maurice
  9760 | D:9      | Killed Maurice
  9810 | D:9      | Reached skill level 15 in Axes
  9814 | D:9      | Noticed Psyche
  9826 | D:9      | Killed Psyche
 10434 | D:9      | Killed a sixfirhy
 10609 | D:10     | Entered Level 10 of the Dungeon
 10613 | D:10     | Noticed Nergalle
 10613 | D:10     | Noticed a two-headed ogre
 10626 | D:10     | Killed a two-headed ogre
 10626 | D:10     | Reached XP level 11. HP: 55/95 MP: 5/14
 10631 | D:10     | Killed Nergalle
 10940 | D:10     | Found a staircase to the Lair.
 11607 | Lair:1   | Entered Level 1 of the Lair of Beasts
 11610 | Lair:1   | Reached skill level 10 in Fighting
 12056 | Lair:1   | HP: 4/99 [blink frog (12)]
 13201 | Lair:2   | Received a gift from Trog
 13229 | Lair:2   | Reached XP level 12. HP: 110/111 MP: 7/17
 13292 | Lair:2   | Found a staircase to the Snake Pit.
 13432 | Lair:2   | Found the +10 large shield of Ignorance {rN+ Int-4}
 13447 | Lair:2   | Reached XP level 13. HP: 99/117 MP: 16/18
 14456 | Lair:2   | Found a staircase to the Shoals.
 14668 | Lair:3   | Found a radiant altar of Vehumet.
 15098 | Lair:3   | Reached skill level 5 in Armour
 15257 | Lair:3   | Got an ancient spear
 15258 | Lair:3   | Identified the +8 spear of Seyr {freeze, rC+ Dex+3} (You
                  | found it on level 3 of the Lair of Beasts)
 15647 | Lair:4   | Found a shimmering altar of Xom.
 15719 | Lair:4   | Received a gift from Trog
 16279 | Lair:4   | Reached skill level 1 in Shields
 16533 | Lair:5   | Reached skill level 5 in Dodging
 16618 | Lair:5   | Noticed Rupert
 16632 | Lair:5   | Killed Rupert
 17588 | Lair:6   | Entered Level 6 of the Lair of Beasts
 17605 | Lair:6   | Reached skill level 5 in Shields
 17639 | Lair:6   | Found a staircase to the Slime Pits.
 17739 | Lair:6   | Reached XP level 14. HP: 129/129 MP: 20/20
 18581 | Lair:6   | Reached skill level 10 in Evocations
 19854 | D:12     | Lost intelligence.
 20097 | D:12     | Received a gift from Trog
 20397 | D:12     | Found a staircase to the Orcish Mines.
 20598 | D:12     | Found a blossoming altar of Fedhas.
 20690 | Orc:1    | Entered Level 1 of the Orcish Mines
 20882 | Orc:1    | Found a shimmering blue altar of Sif Muna.
 21154 | Orc:1    | Reached ****** piety under Trog
 21280 | Orc:1    | Found Lecah's Armour Shop.
 21417 | Orc:2    | Entered Level 2 of the Orcish Mines
 21694 | Orc:2    | Reached skill level 10 in Armour
 21707 | Orc:2    | Found Coenejom's Jewellery Emporium.
 21716 | Orc:2    | Bought an uncursed amulet of faith for 600 gold pieces
 21897 | Orc:2    | Noticed a stone giant
 21901 | Orc:2    | Found Couvuo's General Store.
 21906 | Orc:2    | Killed a stone giant
 21930 | Orc:2    | Received a gift from Trog
 21996 | Orc:2    | Found a staircase to the Elven Halls.
 22118 | Orc:2    | Found Meniseg's Antique Armour Shoppe.
 22157 | Orc:2    | Reached XP level 15. HP: 139/139 MP: 21/21
 22442 | Orc:2    | Found Boirowe's Antique Weapon Boutique.
 22461 | Orc:2    | Found a roughly hewn altar of Beogh.
 23476 | D:13     | Reached skill level 15 in Fighting
 23485 | D:13     | Found a gate to the Vaults.
 23505 | D:13     | Reached skill level 10 in Dodging
 23509 | D:13     | Received a gift from Trog
 24059 | D:14     | Noticed Roxanne
 24088 | D:14     | Found a flagged portal.
 24113 | Bailey   | Entered a bailey
 24975 | D:14     | Cast into level 2 of the Abyss (a distortion unwield)
 24975 | Abyss:2  | Found a corrupted altar of Lugonu.
 25025 | Abyss:2  | Reached skill level 10 in Shields
 25084 | D:14     | Escaped the Abyss
 25360 | D:14     | Killed Roxanne
 25675 | D:14     | Received a gift from Trog
 26038 | D:15     | Entered Level 15 of the Dungeon
 26524 | D:15     | Found a staircase to the Depths.
 27070 | Snake:1  | Entered Level 1 of the Snake Pit
 27107 | Snake:1  | Received a gift from Trog
 27213 | Snake:1  | Reached XP level 16. HP: 148/151 MP: 20/22
 28598 | Snake:2  | Received a gift from Trog
 28704 | Snake:2  | Reached skill level 15 in Armour
 29142 | Snake:3  | Found Guush's Book Emporium.
 29633 | Snake:3  | Found Xeluivea's Food Boutique.
 29636 | Snake:3  | Found Wesit's Magic Scroll Shop.
 29647 | Snake:3  | Bought a scroll of teleportation for 48 gold pieces
 29647 | Snake:3  | Bought a scroll of enchant armour for 120 gold pieces
 29647 | Snake:3  | Bought a scroll of fear for 56 gold pieces
 30325 | Snake:3  | Identified the +2 leather armour of Duck's Teeth {Int+3}
 30490 | Snake:3  | Identified the +5 chain mail "Xithiomn" {rC+ Int+5 Stlth+}
                  | (You found it on level 3 of the Snake Pit)
 30887 | Shoals:1 | Entered Level 1 of the Shoals
 31113 | Shoals:1 | Reached XP level 17. HP: 161/161 MP: 23/23
 31264 | Shoals:1 | Received a gift from Trog
 32409 | Shoals:2 | Found Hiumij's Antique Weapon Shop.
 32522 | Shoals:2 | Found a runed translucent door.
 32525 | Shoals:2 | Noticed Aviak's ghost (adept OgAK)
 32529 | Shoals:2 | Received a gift from Trog
 32591 | Shoals:2 | Killed Aviak's ghost
 32704 | Shoals:2 | Found Xitemil's Antique Weapon Emporium.
 33304 | Shoals:3 | Noticed Polyphemus
 33325 | Shoals:3 | Killed Polyphemus
 33576 | Shoals:3 | Received a gift from Trog
 33620 | Shoals:3 | Identified the +6 war axe "Xiuchinni" {elec, Int+2} (Trog
                  | gifted it to you on level 3 of the Shoals)
 34251 | Shoals:4 | Entered Level 4 of the Shoals
 34333 | Shoals:4 | HP: 2/163 [faun/+0 spear[a satyr] (42)]
 34486 | Shoals:4 | Got a barnacled rune of Zot
 34803 | Shoals:4 | Identified the Volume of Floating Earth
 35015 | Shoals:4 | Received a gift from Trog
 35623 | Shoals:4 | Found Jaomiut's General Store.
 35631 | Shoals:4 | Bought a potion of curing for 45 gold pieces
 35631 | Shoals:4 | Bought a scroll of identify for 30 gold pieces
 35924 | Snake:4  | Entered Level 4 of the Snake Pit
 36197 | Snake:4  | Reached XP level 18. HP: 162/172 MP: 21/24
 36282 | Snake:4  | Noticed Louise
 36282 | Snake:4  | Noticed Vashnia
 36305 | Snake:4  | Received a gift from Trog
 37002 | Snake:4  | Killed Louise
 37580 | Snake:4  | HP: 7/173 [nagaraja/bolt of poison (25)]
 37581 | Snake:4  | Received a gift from Trog
 37581 | Snake:4  | Succumbed to a nagaraja's bolt of poison

Levels and vault maps discovered:
D:1:      eino_arrival_druids_welcome, layout_rooms, minmay_misc_feat_hallway,
          minmay_pentomino_q2
D:2:      layout_basic, gammafunk_temple_overflow_pools
D:3:      layout_rooms, lemuel_coloured_pillars_altar,
          amethyst_overflow_temple_binary, serial_undead, serial_undead_b,
          serial_undead_d, serial_undead_d, serial_undead_c, uniq_terence
D:4:      layout_loops_cross, temple_fountains, first_ration, uniq_sigmund,
          uniq_ijyb
D:5:      lemuel_ice_spiral_2, layout_basic, fiery_altar_vehumet,
          gup_sewer_entry_bowl, serial_bayou_pond_d, hex_large,
          serial_bayou_lagoon_a, uniq_duvessa
D:6:      layout_rooms, serial_shops, shop, kennysheep_generic_room_12,
          uniq_prince_ribbit1
D:7:      layout_basic
D:8:      layout_rooms, overflow_temple_1_default
D:9:      cheibrodos_shockbox, layout_irregular_city, uniq_erica, uniq_psyche,
          uniq_maurice
D:10:     layout_cave_pools, lair_entry_dummy, the_bakery, eino_curves_01,
          st_stairs_10, uniq_nergalle
D:11:     layout_loops_cross
D:12:     layout_basic, kennysheep_orc_monster_closet_entryway,
          fedhas_altar_fruit_tree
D:13:     layout_basic, skrybe_vaults_entry_preservation
D:14:     layout_loops_ring, kennysheep_small_spiral, enter_bailey_3,
          minmay_radiant, uniq_roxanne
D:15:     gammafunk_enter_depths_forms, layout_loops_ring,
          grunt_decor_resistance, minmay_unpleasant_kobolds
Lair:1:   layout_small_grid, lemuel_fruit_tree, grunt_megastairs_2
Lair:2:   layout_long_grid, elwin_shoals_entry_stream, dummy_snake_entry,
          portal_ice_cave_entry_imps
Lair:3:   layout_loops_ring, basic_altar
Lair:4:   layout_loops_ring, basic_altar, grunt_megastairs_4
Lair:5:   beast_lair_carwin_large_3, layout_loops_ring, uniq_rupert
Lair:6:   grunt_lair_end_beastmaster, layout_gridlike,
          nicolae_slime_entry_slimehenge
Shoals:1: cheibrodos_shoals_oceanic_diplomacy, layout_shoals,
          argonaut_gorgonesque
Shoals:2: layout_shoals, ebering_ghost_inner_flame, serial_shops,
          shop_fountains, nicolae_shop_statue_plus
Shoals:3: layout_shoals, hangedman_shoal_volcano, uniq_polyphemus
Shoals:4: shoals_end_simple, layout_shoals, serial_shops, shop
Snake:1:  layout_misc_corridors
Snake:2:  layout_onion_interference, grunt_ministairs_9,
          nicolae_snake_linked_coils, drop_trap
Snake:3:  layout_grid_maze, serial_shops, nicolae_shop_stone,
          serial_bayou_shore_b, minmay_shoptagon
Snake:4:  snake_pit, layout_cave_town, uniq_louise, uniq_vashnia
Orc:1:    layout_diamond_mine, serial_shops, shop_fountains, led_sif_book
Orc:2:    grunt_orc_gardens, layout_diamond_mine, grunt_orc_garden,
          grunt_orc_garden, grunt_orc_garden, grunt_orc_garden, mines2_david

Skill      XL: |  1  2  3  4  5  6  7  8  9 10 11 12 13 14 15 16 17 18 |
---------------+-------------------------------------------------------+-----
Axes           | 4 5 6 8 9 11 12 14 15 18 | 18.0
Fighting       | 5 7 9 11 13 14 15 17 18 | 18.5
Evocations     | 3 5 6 8 9 10 | 10.0
Armour         | 3 7 10 13 16 17 18 | 18.2
Dodging        | 7 9 11 12 14 | 14.5
Shields        | 5 8 11 12 14 | 14.9

Action                   |  1- 3 |  4- 6 |  7- 9 | 10-12 | 13-15 | 16-18 || total
-------------------------+-------+-------+-------+-------+-------+-------++-------
Melee: Hand axe          |    57 |   142 |   299 |       |       |       ||   498
       Headbutt          |    11 |    23 |    90 |    62 |   228 |   215 ||   629
       Battleaxe         |       |       |   127 |   124 |       |       ||   251
       Broad axe         |       |       |       |   163 |   993 |  1017 ||  2173
Invok: Berserk           |     1 |     3 |     4 |     8 |     1 |     3 ||    20
       Trog's Hand       |       |       |       |     3 |     4 |     4 ||    11
       Brothers in Arms  |       |       |       |       |       |     1 ||     1
Evoke: Wand              |       |       |     2 |     4 |    12 |    10 ||    28
  Use: Scroll            |       |     6 |    14 |    11 |    13 |     8 ||    52
       Potion            |       |       |       |     5 |       |     3 ||     8
 Stab: Petrified         |       |       |       |       |     4 |       ||     4
       Petrifying        |       |       |       |       |     1 |       ||     1
  Eat: Chunk             |       |    11 |    18 |    24 |    47 |    20 ||   120
       Ration            |       |       |     1 |       |       |     6 ||     7
Armor: Animal skin       |     6 |       |       |       |       |       ||     6
       Ring mail         |     3 |    16 |       |       |       |       ||    19
       Chain mail        |       |    30 |   105 |       |    92 |       ||   227
       Plate armour      |       |       |    65 |   104 |   111 |   273 ||   553
Dodge: Dodged            |    41 |    48 |   122 |   101 |   136 |   181 ||   629
Block: Large shield      |       |       |       |       |   817 |  1316 ||  2133
